 Dungeon Crawl Stone Soup version 0.19.4-10-g532645f (webtiles) character file.

196 Rrauwl the Skirmisher (level 5, -4/47 HPs)
             Began as a Minotaur Fighter on Feb 22, 2017.
             Killed by divine providence
             ... invoked by an orc priest
              (12 damage)
             ... on level 4 of the Dungeon.
             The game lasted 00:14:06 (3019 turns).

Rrauwl the Skirmisher (Minotaur Fighter)            Turns: 3019, Time: 00:14:08

Health: -4/47      AC:  8    Str: 20    XL:     5   Next: 45%
Magic:  4/4        EV:  8    Int:  5    God:
Gold:   168        SH:  9    Dex: 11    Spells: 0 memorised, 4 levels left

rFire  . . .     SeeInvis .     a - +1 war axe
rCold  . . .     Gourm    .     b - +0 scale mail
rNeg   . . .     Faith    .     c - +0 shield
rPois  .         Spirit   .     (helmet restricted)
rElec  .         Reflect  .     (no cloak)
rCorr  +         Harm     .     u - +0 pair of gloves
MR     +....                    (no boots)
Stlth  ..........               (no amulet)
                                p - ring of resist corrosion
                                s - ring of protection from magic

@: no status effects
A: retaliatory headbutt, horns 2
a: no special abilities


You were on level 4 of the Dungeon.
You were not hungry.

You visited 1 branch of the dungeon, and saw 4 of its levels.

You collected 168 gold pieces.

Inventory:

Hand Weapons
 a - a +1 war axe (weapon)
Armour
 b - a +0 scale mail (worn)
 c - a +0 shield (worn)
 u - a +0 pair of gloves (worn)
Jewellery
 g - an uncursed ring of ice
 m - an uncursed ring of ice
 p - a ring of resist corrosion (right hand)
 s - a ring of protection from magic (left hand)
Wands
 f - a wand of confusion (32/48)
 i - a wand of slowing (24/48)
 q - a wand of polymorph (7/24)
Scrolls
 e - 3 scrolls of identify
 k - 2 scrolls of magic mapping
 n - a scroll of enchant armour
 r - 3 scrolls of remove curse
Potions
 d - 2 potions of might
 t - a potion of curing
Books
 l - a book of Misfortune

   Spells                             Type                      Level
   a - Confusing Touch                Hexes                        1
   b - Confuse                        Hexes                        3
   c - Gell's Gravitas                Hexes/Translocation          3
   d - Petrify                        Transmutation/Earth          4
   e - Metabolic Englaciation         Hexes/Ice                    5
   f - Yara's Violent Unravelling     Hexes/Transmutation          5
Comestibles
 h - 2 meat rations
 j - 3 fruits
 o - a beef jerky


   Skills:
 + Level 4.6 Fighting
 + Level 3.9 Axes
 + Level 4.4 Armour
 + Level 2.3 Dodging
 + Level 4.3 Shields
 + Level 0.8 Evocations


You had 4 spell levels left.
You didn't know any spells.

Dungeon Overview and Level Annotations

Branches:
Dungeon (4/15)
 Temple: D:4-7

Altars:
Vehumet


Innate Abilities, Weirdness & Mutations

You reflexively headbutt those who attack you in melee.
You have a pair of horns on your head.


Message History

You slash the orc!
You kill the orc!
You barely miss the orc. The orc closely misses you.
The orc priest calls down the wrath of Beogh upon you.
Pain shoots through your body!
Your shield prevents you from hitting the orc priest.
You headbutt the orc priest!
The orc priest is heavily wounded.
You closely miss the orc. The orc hits you with a club.
* * * LOW HITPOINT WARNING * * *
The orc priest hits you.
* * * LOW HITPOINT WARNING * * *
You hit the orc priest.
The orc priest is severely wounded.
You hit the orc. The orc completely misses you. You furiously retaliate!
You headbutt the orc. The orc priest hits you.
* * * LOW HITPOINT WARNING * * *
The orc priest mumbles some strange prayers to Beogh against you.
Beogh smites you!
You die...

####.......#####...#....#
...#########..#.........#
...........#..##+###....#
...........#..##..##....#
...##.....##............#
...#########............#
...........#........(...#
...........#.o.oo.......#
..##########...#@....####
### ........#######...#
........# #....#
...o....# #....#
....o...# ###..#
..o.##### ##'# .ho. #..#
... #..# .. #..#


You could see 2 orc priests and an orc.

Vanquished Creatures
  An orc priest (D:4)
  6 adders
  An ooze (D:1)
  4 worms
  4 dart slugs
  3 leopard geckos
  5 orcs (D:4)
  A ball python (D:2)
  3 giant cockroaches
  5 goblins
  6 hobgoblins
  10 jackals
  4 kobolds
  3 quokkas
  9 bats
  5 frilled lizards
  11 rats
81 creatures vanquished.

Notes
Turn   | Place    | Note
-------+----------+-------------------------------------------
     0 | D:1      | Rrauwl the Minotaur Fighter began the quest for the Orb.
     0 | D:1      | Reached XP level 1. HP: 19/19 MP: 0/0
   208 | D:1      | Reached XP level 2. HP: 26/26 MP: 1/1
   514 | D:1      | Reached XP level 3. HP: 30/33 MP: 2/2
   541 | D:1      | Reached skill level 1 in Dodging
  1165 | D:2      | Reached XP level 4. HP: 38/40 MP: 3/3
  2271 | D:3      | Reached XP level 5. HP: 37/47 MP: 4/4
  2934 | D:4      | Found a radiant altar of Vehumet.
  3019 | D:4      | Killed from afar by an orc priest

Skill      XL: |  1  2  3  4 |
---------------+-------------+-----
Shields        | 4 |  4.3
Armour         | 4 |  4.4
Dodging        | 1 2 |  2.3
Axes           | 3 |  3.9
Fighting       | 4 |  4.6
Evocations     | |  0.8

Action                   |  1- 3 |  4- 6 || total
-------------------------+-------+-------++-------
Melee: Whip              |    67 |       ||    67
       Headbutt          |    18 |    17 ||    35
       War axe           |    58 |    94 ||   152
  Use: Scroll            |     4 |     5 ||     9
       Potion            |     4 |     1 ||     5
  Eat: Chunk             |     1 |     1 ||     2
       Bread ration      |       |     1 ||     1
       Beef jerky        |       |     1 ||     1
Armor: Scale mail        |    47 |    31 ||    78
       Leather armour    |     3 |       ||     3
Dodge: Dodged            |    40 |    42 ||    82
Block: Shield            |    61 |    45 ||   106
